 Dungeon Crawl Stone Soup version 0.32-a0-576-g706899e69d (webtiles) character file.

Game seed: 7249428285204879676

284 BeKind the Shield-Bearer (level 6, -5/43 HPs)
             Began as an Octopode Fighter on Mar 2, 2024.
             Killed from afar by Dowan (8 damage)
             ... with a puff of flame
             ... on level 4 of the Dungeon.
             The game lasted 00:01:30 (2122 turns).

BeKind the Shield-Bearer (Octopode Fighter)         Turns: 2122, Time: 00:01:31

Health: -5/43      AC:  1    Str: 14    XL:     6   Next: 29%
Magic:  6/6        EV: 14    Int: 10    God:
Gold:   117        SH:  9    Dex: 13    Spells: 5/5 levels left

rFire   . . .        a - +0 trident
rCold   . . .        b - +0 buckler
rNeg    . . .        (helmet restricted)
rPois   .            (no amulet)
rElec   .            k - ring of see invisible
rCorr   .            (no ring)
SInv    +            (no ring)
Will    +....        (no ring)
Stlth   ++           (no ring)
HPRegen 0.27/turn    (no ring)
MPRegen 0.10/turn    (no ring)
                     (no ring)

%: no passive effects
@: no status effects
A: almost no armour, amphibious, 8 rings, camouflage 1, gelatinous body 1,
(nimble swimmer 1), tentacles, large bone plates 1, strong-willed 1, weak 1,
wild magic 1
a: no special abilities


You were on level 4 of the Dungeon.
You visited 1 branch of the dungeon, and saw 4 of its levels.

You collected 117 gold pieces.

Inventory:

Hand Weapons
 a - a +0 trident (weapon)
Missiles
 j - 4 javelins (quivered)
Armour
 b - a +0 buckler (worn)
Jewellery
 k - a ring of see invisible (left tentacle)
Scrolls
 e - 2 scrolls of immolation {unknown}
 f - a scroll of fear {unknown}
 h - a scroll of identify {unknown}
 l - 2 scrolls of teleportation {unknown}
 m - a scroll of revelation {unknown}
 n - 2 scrolls of poison {unknown}
Potions
 c - 3 potions of might
 d - 4 potions of curing


   Skills:
 + Level 4.2 Fighting
 + Level 3.5 Polearms
 + Level 4.2 Dodging
 + Level 4.3 Shields


You had 5 spell levels left.
You didn't know any spells.
Your spell library contained the following spells:

 Spells                   Type           Power      Damage    Failure   Level
 Lesser Beckoning         Tloc           0%         N/A       67%         2
 Gell's Gravitas          Tloc           0%         N/A       88%         3
 Teleport Other           Tloc           0%         N/A       88%         3


Dungeon Overview and Level Annotations

Branches:
Dungeon (4/15)
 Temple: D:4-7

Altars:
Ashenzari

Annotations:
D:4 Dowan


Innate Abilities, Weirdness & Mutations

You cannot wear most types of armour.
You are amphibious.
You can wear up to eight rings at the same time.
Your skin changes colour to match your surroundings (Stealth+).
Your rubbery body absorbs attacks. (AC +1, EV +1)
((You are camouflaged when in or above water. (Stealth+)))
You have tentacles for arms and can constrict up to eight enemies at once.
You are partially covered in large bone plates. (SH +4)
You are strong-willed. (Will+)
You are weak. (Str -2)
Your spells are a little harder to cast, but a little more powerful.


Message History

You closely miss Duvessa.
Dowan shouts!
You grab Duvessa. You squeeze Duvessa!
Duvessa is moderately wounded.
You constrict Duvessa. Duvessa hits you with a +0 short sword!
You hit Duvessa.
Duvessa is moderately wounded.
You constrict Duvessa. Duvessa closely misses you.
Dowan zaps a wand.
You block the puff of flame.
You hit Duvessa but do no damage.
Duvessa is heavily wounded.
You constrict Duvessa. Duvessa hits you with a +0 short sword.
You puncture Duvessa! You squeeze Duvessa, but do no damage.
Duvessa is almost dead.
You constrict Duvessa. Dowan barely misses you. Duvessa completely misses you.
You hit Duvessa.
You kill Duvessa!
Dowan screams, "No!
No!"
Dowan seems to find hidden reserves of power!
Dowan hits you with a +0 dagger.
Dowan zaps a wand.
The puff of flame hits you.
Your Dodging skill increases to level 4!
You have reached level 6!
You hit Dowan but do no damage. You grab Dowan. You constrict Dowan.
Dowan gestures at you while chanting. The stone arrow hits you!
* * * LOW HITPOINT WARNING * * *
Dowan mumbles some strange words.
Dowan blinks free of you.
Dowan blinks free!
Dowan mumbles some strange words.
Dowan blinks!
Dowan zaps a wand.
The puff of flame hits you!
* * * LOW HITPOINT WARNING * * *
Dowan says, "Magic will overcome all!"
Reach: a) +0 trident
Press: ? - help, Dir - move target, f - Dowan
Aim: Dowan, wielding a +0 dagger, wearing a +0 robe and carrying a wand of flame (lightly wounded, fast, about 52% to evade your +0 trident)
You reach to attack!
You hit Dowan.
Dowan is moderately wounded.
Dowan zaps a wand.
The puff of flame hits you!
You die...

....<........†..##..
#................###.
#....!...........####
.......#.........###
#...........##.....
##......#######.##..
#.............#.##..
#....[.####........
##@e.>.# #...<....
##..)..# #........
#.....# #........
+.....# #........
#.....# #......##
#.....# #......#
?....## ########
.......


You could see Dowan (fast).

Vanquished Creatures
  Duvessa (D:4)
  A bombardier beetle (D:3)
  A hound (D:3)
  Jessica (D:3)
  A gnoll (D:1)
  2 adders
  2 ribbon worms
  3 dart slugs
  7 bats
  2 endoplasms
  4 giant cockroaches
  4 goblins
  5 hobgoblins
  2 quokkas
  6 ball pythons
  A frilled lizard (D:2)
  5 kobolds
  6 rats
54 creatures vanquished.

Notes
Turn   | Place    | Note
-------+----------+-------------------------------------------
     0 | D:1      | BeKind the Octopode Fighter began the quest for the Orb.
     0 | D:1      | Reached XP level 1. HP: 16/16 MP: 1/1
   100 | D:1      | Reached XP level 2. HP: 21/21 MP: 2/2
   165 | D:1      | Reached XP level 3. HP: 20/26 MP: 3/3
   942 | D:2      | Reached XP level 4. HP: 21/31 MP: 4/4
  1399 | D:3      | Identified the +6 sling "Zyeph" {speed, rPois Dex+6}
  1534 | D:3      | Reached XP level 5. HP: 23/37 MP: 5/5
  1534 | D:3      | Gained mutation: Your spells are a little harder to cast,
                  | but a little more powerful. [potion of mutation]
  1534 | D:3      | Gained mutation: You are partially covered in large bone
                  | plates. (SH +4) [potion of mutation]
  1534 | D:3      | Gained mutation: You are weak. (Str -2) [potion of
                  | mutation]
  1534 | D:3      | Gained mutation: You are strong-willed. (Will+) [potion of
                  | mutation]
  1644 | D:3      | Noticed Jessica
  1648 | D:3      | Killed Jessica
  2088 | D:4      | Found a broken altar of Ashenzari.
  2110 | D:4      | Noticed Duvessa
  2110 | D:4      | Noticed Dowan
  2117 | D:4      | Killed Duvessa
  2118 | D:4      | Reached XP level 6. HP: 24/43 MP: 6/6
  2122 | D:4      | Killed from afar by Dowan

Illustrated notes

Levels and vault maps discovered:
D:1:      wander_arrival_estate, layout_basic
D:2:      minmay_door_path, layout_basic
D:3:      layout_loops_ring, minivault_19, bh_walls_and_bars, uniq_jessica
D:4:      layout_rooms, mainiacjoe_overflow_concentric_impassable,
          kennysheep_diamond, uniq_duvessa

Skill      XL: |  1  2  3  4  5 |
---------------+----------------+-----
Polearms       | 3 |  3.5
Shields        | 4 |  4.3
Fighting       | 4 |  4.2
Dodging        | 4 |  4.2

Action                     |  1- 3 |  4- 6 || total
---------------------------+-------+-------++-------
  Melee: Trident           |    77 |    38 ||   115
         Constrict         |    18 |    10 ||    28
         Tentacles         |    10 |     9 ||    19
    Use: Potion            |       |     4 ||     4
   Stab: Sleeping          |     9 |     4 ||    13
 Armour: Skin              |    20 |    10 ||    30
  Dodge: Dodged            |    23 |    16 ||    39
  Block: Buckler           |    10 |     6 ||    16

Table legend: (Time is in decaauts)
 A = Elapsed time spent in this place.
 B = Non-inter-level travel time spent in this place.
 C = Inter-level travel time spent in this place.
 D = Time resting spent in this place.
 E = Time spent auto-exploring this place.
 F = Levels seen in this place.
 G = Mean time per level.
                   A        B        C        D        E       F      G
               +--------+--------+--------+--------+--------+-----+--------+
         Total |   2145 |   2026 |    119 |     46 |   1646 |   4 |  536.2 |
       Dungeon |   2145 |   2026 |    119 |     46 |   1646 |   4 |  536.2 |
               +--------+--------+--------+--------+--------+-----+--------+

Top non-repeatable levels by time:
     D:2: 980 daAuts
     D:3: 688 daAuts
     D:1: 410 daAuts
     D:4: 66 daAuts
